 Dungeon Crawl Stone Soup version 0.15-a0-2198-g7f377d1 (webtiles) character file.

1661 MrRokkomies the Quickloader (level 9, -1/72 HPs)
             Began as a Formicid Hunter on July 23, 2014.
             Slain by a troll zombie (4 damage)
             ... on Level 10 of the Dungeon.
             The game lasted 00:27:50 (7478 turns).

MrRokkomies the Quickloader (Formicid Hunter)       Turns: 7478, Time: 00:27:51

HP  -1/72        AC  7     Str 18      XL: 9   Next: 20%
MP  12/12        EV 14     Int 10      God:
Gold 317         SH  0     Dex 14      Spells:  3 memorised,  1 level left

rFire  . . .     SeeInvis +     a - +0 halberd
rCold  . . .     Clarity  .     r - +0 scale mail
rNeg   . . .     rCorr    .     (no shield)
rPois  .         rRot     .     (helmet unavailable)
rElec  .         Spirit   .     t - +0 cloak
SustAb +         Warding  .     (no gloves)
rMut   .         Stasis   +     (no boots)
Gourm  .                        (no amulet)
MR     .....                    z - ring of sustain abilities
                                w - +6 ring of evasion

@: not resistant to hostile enchantments, extremely unstealthy
A: permanent stasis, dig shafts and tunnels, four strong arms, antennae 3
a: Dig, Shaft Self


You were on level 10 of the Dungeon.
You were hungry.

You visited 1 branch of the dungeon, and saw 9 of its levels.

You collected 317 gold pieces.

Inventory:

Hand weapons
 a - a +0 halberd (weapon)
 b - a +2 hand crossbow
 m - a +0 blowgun
Missiles
 c - 43 bolts
 p - a throwing net
 q - 14 poisoned needles
 s - 8 javelins of penetration (quivered)
 y - 8 needles of sleeping
 B - 8 bolts of penetration
 C - 15 bolts of flame
Armour
 r - a +0 scale mail (worn)
 t - a +0 cloak (worn)
Comestibles
 f - 6 bread rations
 g - 2 fruits
 l - 2 meat rations
 x - 2 beef jerkies
 E - 3 rotting chunks of centaur flesh
Scrolls
 d - a scroll of recharging
 e - 3 scrolls of enchant weapon
 j - a scroll of immolation
 k - 2 scrolls of remove curse
Jewellery
 v - an uncursed ring of wizardry
 w - a +6 ring of evasion (left hand)
 z - a ring of sustain abilities (right hand)
Potions
 h - a potion of cancellation
 i - 5 potions of curing
 n - 2 potions of invisibility
 o - a potion of agility {unknown}
 u - a potion of mutation {unknown}
Books
 A - a book of Party Tricks

   Spells                             Type                      Level
   *Summon Butterflies                Summoning                    1
   Apportation                        Translocation                1
   Blink                              Translocation                2
   *Tukima's Dance                    Hexes                        3
   Alistair's Intoxication            Transmutation/Poison         4
 F - a book of Geomancy

   Spells                             Type                      Level
   Sandblast                          Earth                        1
   Stoneskin                          Transmutation/Earth          2
   *Passwall                          Transmutation/Earth          3
   Stone Arrow                        Conjuration/Earth            3
   Petrify                            Transmutation/Earth          4
   Lee's Rapid Deconstruction         Earth                        5


   Skills:
 + Level 7.1 Fighting
 * Level 9.8 Crossbows
 - Level 1.7 Dodging
 - Level 1.2 Stealth


You had one spell level left.
You knew the following spells:

 Your Spells              Type           Power        Failure   Level  Hunger
a - Summon Butterflies    Summ           #.......     96%         1    ##.....
b - Tukima's Dance        Hex            #.......     100%        3    ####...
c - Passwall              Trmt/Erth      #.........   100%        3    ####...


Dungeon Overview and Level Annotations

Branches:
Dungeon (10/15)
 Temple: D:4-7          Orc: D:9-12        Lair: D:8-11

Altars:
Dithmenos
Elyvilon
Gozag

Shops:
D:8 *

Annotations:
D:7 DeepestElf's ghost, experienced DEIE


Innate Abilities, Weirdness & Mutations

Your are under a permanent stasis effect.
You can dig through walls and to a lower floor.
Your four strong arms can wield two-handed weapons with a shield.
You have a pair of large antennae on your head (SInv).


Message History

* * * LOW HITPOINT WARNING * * *
The troll zombie claws you.
* * * LOW HITPOINT WARNING * * *
Drink which item? (? for menu, Esc to quit)
You feel better.
Drink which item? (? for menu, Esc to quit)
You feel better. The troll zombie bites you. The troll zombie claws you!
The troll zombie claws you.
You hit the troll zombie. The troll zombie bites you!
* * * LOW HITPOINT WARNING * * *
The troll zombie claws you.
* * * LOW HITPOINT WARNING * * *
The troll zombie misses you.
You hit the troll zombie. The troll zombie bites you.
* * * LOW HITPOINT WARNING * * *
The troll zombie closely misses you.
The troll zombie claws you but does no damage.
The troll zombie barely misses you. The troll zombie misses you.
The troll zombie claws you.
You die...

.. ..
##.
..#####
.....#
....#
#...# {
#Z..#
#@..#
#...# {
#...#
##+## {


You could see a troll zombie.

Vanquished Creatures
  A hippogriff (D:4)
  An ice beast (D:5)
  A phantom (D:8)
  A sky beast (D:5)
  2 ogres
  2 centaurs (D:8)
  2 giant frogs
  2 scorpions (D:4)
  A gnoll shaman (D:5)
  A hound (D:5)
  A centaur zombie (D:5)
  2 orc priests
  6 orc wizards
  An iguana (D:5)
  3 worker ants (D:5)
  8 gnolls
  A giant mite (D:8)
  2 shadow imps
  4 worms
  5 adders
  4 giant geckos
  2 oozes
  15 orcs
  11 bats
  A giant mite zombie (D:5)
  9 goblins
  11 hobgoblins
  3 jackals (D:3)
  17 kobolds
  2 quokkas
  2 ball pythons
  7 giant newts
  A goblin skeleton (D:4)
  An orc skeleton (D:5)
  An orc zombie (D:5)
  10 rats
  A rat skeleton (D:5)
  A rat zombie (D:8)
146 creatures vanquished.

Vanquished Creatures (others)
  A giant cockroach (D:2)
1 creature vanquished.

Grand Total: 147 creatures vanquished

Notes
Turn   | Place    | Note
--------------------------------------------------------------
     0 | D:1      | MrRokkomies, the Formicid Hunter, began the quest for the Orb.
     0 | D:1      | Reached XP level 1. HP: 15/15 MP: 1/1
   410 | D:1      | Reached XP level 2. HP: 20/22 MP: 3/3
  1337 | D:2      | Reached XP level 3. HP: 22/27 MP: 4/4
  1522 | D:2      | Reached XP level 4. HP: 21/34 MP: 5/5
  1792 | D:2      | Reached skill level 5 in Crossbows
  2503 | D:3      | Reached XP level 5. HP: 41/41 MP: 7/7
  3836 | D:4      | Found a white marble altar of Elyvilon.
  3888 | D:4      | Reached skill level 6 in Crossbows
  3888 | D:4      | Reached XP level 6. HP: 48/48 MP: 8/8
  4044 | D:4      | Noticed an ogre
  4052 | D:4      | Killed an ogre
  4119 | D:4      | Reached XP level 7. HP: 55/55 MP: 9/9
  4387 | D:4      | Noticed a hippogriff
  4409 | D:4      | Killed a hippogriff
  4409 | D:4      | Reached skill level 5 in Fighting
  4409 | D:4      | Reached skill level 7 in Crossbows
  4911 | D:5      | Entered Level 5 of the Dungeon
  5253 | D:5      | Reached XP level 8. HP: 61/63 MP: 11/11
  5397 | D:5      | Reached skill level 8 in Crossbows
  5668 | D:5      | Found a shadowy altar of Dithmenos.
  5963 | D:5      | Learned a level 1 spell: Summon Butterflies
  5967 | D:5      | Learned a level 3 spell: Tukima's Dance
  6343 | D:6      | Reached skill level 9 in Crossbows
  6518 | D:6      | You fall through a shaft for 2 floors!
  6774 | D:7      | Noticed DeepestElf's ghost (experienced DEIE)
  6792 | D:8      | Reached XP level 9. HP: 68/71 MP: 12/12
  6909 | D:8      | Found an opulent altar of Gozag.
  6910 | D:8      | Found Gozag's Nutrition Petition.
  6942 | D:8      | Found a shadowy altar of Dithmenos.
  7358 | D:8      | Learned a level 3 spell: Passwall
  7364 | D:8      | Noticed a troll
  7372 | D:8      | You fall through a shaft for 2 floors!
  7372 | D:10     | Entered Level 10 of the Dungeon
  7478 | D:10     | HP: 3/72 [troll zombie (6)]
  7478 | D:10     | Slain by a troll zombie

Action                   |  1- 3 |  4- 6 |  7- 9 || total
-------------------------+-------+-------+-------++-------
Melee: Short sword       |    85 |       |       ||    85
       Halberd           |       |   161 |   165 ||   326
 Fire: Hand crossbow     |    13 |    33 |    94 ||   140
       Blowgun           |       |     8 |    26 ||    34
 Abil: Shaft Self        |       |       |     1 ||     1
  Use: Scroll            |     2 |     5 |    11 ||    18
       Potion            |       |     1 |     2 ||     3
 Stab: Sleeping          |     1 |     3 |       ||     4
  Eat: Chunk             |     2 |     8 |    11 ||    21
